 Dungeon Sprint DCSS version 0.17-a0-1582-ge6b0260 (webtiles) character file.

54 nuthulu the Protected (level 6, -6/44 HPs)
             Began as a Gargoyle Fighter on July 27, 2015.
             Was an Elder of Trog.
             Killed by divine providence
             ... invoked by an orc priest
              (8 damage)
             ... in the Dungeon (Sprint VI: "Thunderdome").
             The game lasted 00:02:03 (352 turns).

nuthulu the Protected (Gargoyle Fighter)             Turns: 352, Time: 00:02:03

Health: -6/44      AC: 12    Str: 20    XL:     6   Next: 44%
Magic:  6/6        EV:  8    Int:  8    God:    Trog [****..]
Gold:   22         SH: 11    Dex: 16    Spells: 0 memorised, 5 levels left

rFire  . . .     SeeInvis .     a - +0 flail
rCold  + . .     Clarity  .     b - +0 scale mail
rNeg   + + +     SustAt   .     c - +0 shield
rPois  ∞         Gourm    .     (no helmet)
rElec  +         Spirit   .     (no cloak)
rCorr  .         Warding  .     (no gloves)
rMut   .         NoTele   +     (no boots)
MR     .....                    (no amulet)
Stlth  +.........               q - ring "Hyuluic" {rPois Dex+2}
                                p - ring of Doubts {rC+ rN++ MR- Dex+3 Stlth+}

@: not resistant to hostile enchantments, very unstealthy
A: negative energy resistance 1, electricity resistance, unbreathing,
petrification resistance, rot immunity, AC +4
a: Burn Spellbooks, Berserk, Trog's Hand, Brothers in Arms, Renounce Religion


You were in the Dungeon.
You worshipped Trog.
Trog was greatly pleased with you.
You were not hungry.

You visited 1 branch You collected 280 gold pieces.
You spent 258 gold pieces at shops.

Inventory:

Hand weapons
 a - a +0 flail (weapon)
Armour
 b - a +0 scale mail (worn)
 c - a +0 shield (worn)
Jewellery
 p - the ring of Doubts (left hand) {rC+ rN++ MR- Dex+3 Stlth+}
   (You bought it in a shop in the Dungeon)

   [ring of protection from cold]

   It affects your dexterity (+3).
   It protects you from cold.
   It greatly protects you from negative energy.
   It affects your resistance to hostile enchantments.
   It makes you more stealthy.
 q - the ring "Hyuluic" (right hand) {rPois Dex+2}
   (You bought it in a shop in the Dungeon)

   [ring of poison resistance]

   It affects your dexterity (+2).
   It protects you from poison.
Magical devices
 l - a wand of cold (5)
 m - a wand of fire (5)
Scrolls
 k - 4 scrolls of blinking
 n - 3 scrolls of fog
Potions
 d - 6 potions of might
 f - a potion of curing
 g - 2 potions of heal wounds
 h - 4 potions of haste
 i - 2 potions of magic
 j - a potion of berserk rage
 o - a potion of resistance
Comestibles
 e - a bread ration


   Skills:
 + Level 8.1 Fighting
 + Level 6.3 Maces & Flails
 + Level 8.2 Armour
 + Level 8.0 Shields


You had 5 spell levels left.
You didn't know any spells.

Dungeon Overview and Level Annotations

Branches:
Dungeon (1/1)

Altars:
Cheibriados
Dithmenos
Fedhas
Gozag
Kikubaaqudgha
Makhleb
Okawaru
Qazlal
Ru
Sif Muna
Trog
Vehumet
Xom
Yredelemnul
Zin
The Shining One
Jiyva
Lugonu

Shops:
D *[%??*?*:[((!!!!


Innate Abilities, Weirdness & Mutations

You are resistant to torment.
Your stone body is resilient (AC +4).
You are immune to poison.
You resist negative energy.
You are resistant to electric shocks.
You can survive without breathing.
You are immune to petrification.
You are immune to rotting.


Message History

You completely miss the orc priest.
The orc priest is moderately wounded.
The orc priest mumbles some strange prayers to Beogh against you.
Pain shoots through your body!
You sock the orc priest!
The orc priest is severely wounded.
The orc priest mumbles some strange prayers to Beogh against you.
Something smites you!
* * * LOW HITPOINT WARNING * * *
You sock the orc priest!
You kill the orc priest!
Trog accepts your kill.
You can now call in reinforcements.
Your Fighting skill increases to level 8!
Your Shields skill increases to level 8!
The orc priest calls down the wrath of Beogh upon you.
Pain shoots through your body!
* * * LOW HITPOINT WARNING * * *
The orc priest mumbles some strange prayers to Beogh against you.
Something smites you!
You die...

#_......._# ###.........###
#⌠)[....o.[..⌠#
######.8.........8.####
##∩.__......###......__.
###∩........8.# #.8.......
##.............###.........
#⌠..........###...###......
#⌠........@.# #.<.# #......
#⌠.........)###...###......
##.......oo....###.........
###∩........8.# #.8.......
##∩_........###.......__
######.8.........8)####
#⌠...........⌠#
###.........### #_......._#


You could see 3 orc priests.

Vanquished Creatures
  Sigmund (D)
  An orc priest (D)
  3 jellies (D)
  Terence (D)
  3 oozes (D)
  2 goblins (D)
  A kobold (D)
12 creatures vanquished.

Notes
Turn   | Place    | Note
--------------------------------------------------------------
     0 | D        | nuthulu the Gargoyle Fighter began the quest for the Orb.
     0 | D        | Reached XP level 1. HP: 14/14 MP: 1/1
     1 | D        | Found a basalt altar of Yredelemnul.
     2 | D        | Found a sacrificial altar of Ru.
     2 | D        | Found a shadowy altar of Dithmenos.
     3 | D        | Found an iron altar of Okawaru.
     4 | D        | Found Qasan's Do-It-Yourself Clinic.
     4 | D        | Found a bloodstained altar of Trog.
     4 | D        | Found a deep blue altar of Sif Muna.
     4 | D        | Found Deschi's Distillery.
     5 | D        | Found Diyfinun's Bottled Wisdom.
     5 | D        | Found Urittias's Distillery.
     5 | D        | Round 1.
     8 | D        | Found a snail-covered altar of Cheibriados.
    12 | D        | Bought 6 potions of might for 168 gold pieces
    15 | D        | Became a worshipper of Trog the Wrathful
    18 | D        | Noticed Terence
    18 | D        | Found a corrupted altar of Lugonu.
    18 | D        | Found Kipterim's Staff Store.
    20 | D        | Found a blossoming altar of Fedhas.
    20 | D        | Found an opulent altar of Gozag.
    20 | D        | Found a radiant altar of Vehumet.
    20 | D        | Found Wutarr's Magic Scroll Shop.
    20 | D        | Found Vaon's Must-Have Magic.
    20 | D        | Found Lovofi's Magic Scroll Shop.
    26 | D        | Killed Terence
    26 | D        | Reached skill level 4 in Fighting
    26 | D        | Reached XP level 2. HP: 17/20 MP: 2/2
    26 | D        | Reached XP level 3. HP: 20/24 MP: 3/3
    29 | D        | Noticed Sigmund
    31 | D        | Found a glowing silver altar of Zin.
    32 | D        | Found a glowing golden altar of the Shining One.
    43 | D        | Killed Sigmund
    43 | D        | Acquired Trog's first power
    43 | D        | Reached skill level 7 in Fighting
    43 | D        | Reached skill level 5 in Maces & Flails
    43 | D        | Reached XP level 4. HP: 3/34 MP: 4/4
    43 | D        | Reached XP level 5. HP: 3/38 MP: 5/5
    66 | D        | Found Xyidaec's Bee Food.
    69 | D        | Found Koryaj's Jewellery.
    70 | D        | Found Hidugaun's Advanced Armour.
    71 | D        | Found a viscous altar of Jiyva.
    71 | D        | Found Seteydag's Identification Station.
    75 | D        | Found a stormy altar of Qazlal.
    76 | D        | Found a shimmering altar of Xom.
    77 | D        | Found an ancient bone altar of Kikubaaqudgha.
    78 | D        | Found Buuwul's Premium Goods.
    79 | D        | Found a burning altar of Makhleb.
    79 | D        | Found Viabur's Weapon Rack.
    79 | D        | Found Dybam's Miscellaneous Merchandise.
    79 | D        | Found Tyun's Basic Armour.
   128 | D        | Acquired Trog's second power
   128 | D        | Arena points: 12 (+12) [x2]
   148 | D        | Bought a fine granite ring for 45 gold pieces
   148 | D        | Identified the ring of Doubts {rC+ rN++ MR- Dex+3 Stlth+} (You bought it in a shop in the Dungeon)
   200 | D        | Round 2.
   261 | D        | Reached XP level 6. HP: 25/44 MP: 6/6
   285 | D        | Arena points: 54 (+42) [x3]
   285 | D        | Reached skill level 8 in Armour
   301 | D        | Bought a slimy brass ring for 45 gold pieces
   301 | D        | Identified the ring "Hyuluic" {rPois Dex+2} (You bought it in a shop in the Dungeon)
   339 | D        | Round 3.
   352 | D        | Acquired Trog's third power
   352 | D        | HP: 2/44 [orc priest/nerve-wracking pain (9)]
   352 | D        | Killed from afar by an orc priest

Vault maps used:
D:        arena_sprint

Action                   |  1- 3 |  4- 6 || total
-------------------------+-------+-------++-------
Melee: Flail             |    14 |    40 ||    54
  Use: Potion            |     1 |     2 ||     3
